 Dungeon Crawl Stone Soup version 0.25.1-2-g60ff931df9 (webtiles) character file.

Game seed: 3697160585011044977

95 Goaboa the Chopper (level 4, -15/40 HPs)
             Began as a Hill Orc Fighter on Nov 3, 2020.
             Blown up by Ijyb (21 damage)
             ... with a disintegration bolt
             ... on level 3 of the Dungeon.
             The game lasted 00:05:11 (2029 turns).

Goaboa the Chopper (Hill Orc Fighter)               Turns: 2029, Time: 00:05:11

Health: -15/40     AC: 10    Str: 19    XL:     4   Next: 65%
Magic:  4/4        EV:  7    Int:  8    God:
Gold:   181        SH:  9    Dex: 10    Spells: 3/3 levels left

rFire    . . .     SeeInvis .   a - +0 war axe
rCold    . . .     Gourm    .   c - +0 kite shield
rNeg     . . .     Faith    .   b - +0 scale mail
rPois    .         Spirit   .   (no helmet)
rElec    .         Reflect  .   h - +2 cloak
rCorr    .         Harm     .   (no gloves)
MR       .....                  (no boots)
Stlth    ..........             (no amulet)
HPRegen  0.13/turn              (no ring)
MPRegen  0.09/turn              (no ring)

@: mighty
A: no striking features
a: no special abilities


You were on level 3 of the Dungeon.
You were not hungry.

You visited 1 branch of the dungeon, and saw 3 of its levels.

You collected 181 gold pieces.

Inventory:

Hand Weapons
 a - a +0 war axe (weapon)
Armour
 b - a +0 scale mail (worn)
 c - a +0 kite shield (worn)
 h - a +2 cloak (worn)
Scrolls
 e - a scroll of amnesia {unknown}
 i - a scroll of enchant armour {unknown}
 j - a scroll of immolation {unknown}
 m - a scroll of enchant weapon {unknown}
 r - a scroll of fog {unknown}
 s - 3 scrolls of remove curse {unknown}
 t - 2 scrolls of identify {unknown}
 v - a scroll of teleportation {unknown}
Potions
 g - a potion of berserk rage {unknown}
 k - a potion of curing {unknown}
 l - a potion of degeneration {unknown}
 n - a potion of magic {unknown}
 p - 2 potions of heal wounds {unknown}
 q - a potion of resistance {unknown}
 u - a potion of lignification {unknown}
Comestibles
 f - 6 rations
 o - 2 chunks of flesh


   Skills:
 + Level 4.2 Fighting
 + Level 4.2 Axes
 + Level 3.9 Armour
 + Level 0.1 Dodging
 + Level 0.1 Stealth
 + Level 4.1 Shields


You had 3 spell levels left.
You didn't know any spells.
Your spell library was empty.

Dungeon Overview and Level Annotations

Branches:
Dungeon (3/15)

Altars:

Annotations:
D:3 Ijyb


Message History

You closely miss Ijyb.
Ijyb is moderately wounded.
Ijyb hits you but does no damage.
You closely miss Ijyb.
Ijyb is moderately wounded.
You block Ijyb's attack. x2
You hit Ijyb.
Ijyb is heavily wounded.
Ijyb zaps a wand.
You are blasted!
Ouch! That really hurt!
* * * LOW HITPOINT WARNING * * *
You are too injured to fight recklessly!
You are too injured to fight recklessly!
You are too injured to fight recklessly!
You are too injured to fight recklessly!
You are too injured to fight recklessly!
You feel very mighty all of a sudden.
Ijyb zaps a wand.
You are blasted!
Ouch! That really hurt!
You die...

##[##
#.#)#.#
)...#
#.#.#.##
....#
#.#.#..#
....#
#....#. #
....#
##.#..#.#
....#
#.##...#
....#
#...#..####
....#
###.##....#
#.###
#.@g.## ..#
###...# #.#
......# #.#
##.#### #.#
..# #.. .#
#.. # ####


You could see Ijyb.

Vanquished Creatures
  3 adders
  A worm (D:3)
  4 dart slugs
  A leopard gecko (D:2)
  6 orcs (D:3)
  3 giant cockroaches
  4 goblins
  4 hobgoblins
  7 jackals
  A quokka (D:2)
  5 bats
  A frilled lizard (D:2)
  5 kobolds
  3 rats
48 creatures vanquished.

Notes
Turn   | Place    | Note
-------+----------+-------------------------------------------
     0 | D:1      | Goaboa the Hill Orc Fighter began the quest for the Orb.
     0 | D:1      | Reached XP level 1. HP: 19/19 MP: 1/1
   383 | D:1      | Reached XP level 2. HP: 22/27 MP: 2/2
   846 | D:2      | Reached XP level 3. HP: 29/33 MP: 3/3
  1630 | D:3      | Reached XP level 4. HP: 40/40 MP: 4/4
  2019 | D:3      | Noticed Ijyb
  2029 | D:3      | Blown up by Ijyb

Illustrated notes

Levels and vault maps discovered:
D:1:      minmay_arrival_stair_chambers, layout_basic, dk_noncrumbling_3
D:2:      layout_loops_cross
D:3:      layout_rooms, uniq_ijyb

Skill      XL: |  1  2  3  4 |
---------------+-------------+-----
Fighting       | 4 |  4.2
Axes           | 3 4 |  4.2
Shields        | 4 |  4.1
Armour         | |  3.9
Dodging        | |  0.1
Stealth        | |  0.1

Action                   |  1- 3 |  4- 6 || total
-------------------------+-------+-------++-------
Melee: War axe           |   102 |    56 ||   158
  Use: Potion            |       |     1 ||     1
  Eat: Chunk             |     2 |     2 ||     4
Armor: Scale mail        |    62 |    40 ||   102
Dodge: Dodged            |    37 |    21 ||    58
Block: Kite shield       |    55 |    28 ||    83
